AoeStats
← 神圣罗马帝国 | Holy Roman

Arena

510958611Analyzed
4v4 RM · 9h ago on Oct 3, 2026· 43m 45s· 8 players
Game mode
Random Map
Map size
Large (8 player)
Population
200
Speed
Normal
Resources
Standard
Victory
Conquest
Starting age
Dark Age
Ending age
Imperial Age
RankedLock teamsTeams togetherTeam positionsShared explorationLock speedFull tech treeHidden civsTurbo modeCheats
Victory
Defeat
🇨🇳 Turks · China
1411
+14
🇧🇷 Celts · Brazil
1403
+14
🇯🇵 Saxons · Japan
1335
+17
🇨🇳 Sicilians · China
1257
+21
🇹🇼 Danes · Taiwan
1390
-18
🇨🇳 Varangians · China
1373
-17
🇦🇷 Khmer · Argentina
1355
-16
1321
-15
神圣罗马帝国 | Holy Roman
11:05 Feudal Age
12:00 Double-Bit Axe
15:35 Castle Age
14:07 Horse Collar
16:31 Bow Saw
16:33 Heavy Plow
18:59 Wheelbarrow
20:55 Hand Cart
22:11 Szlachta Privileges
22:22 Gold Mining
23:55 Scale Barding Armor
24:00 Forging
24:51 Bloodlines
26:36 Husbandry
27:58 Chain Barding Armor
27:52 Scale Mail Armor
31:58 Iron Casting
31:40 Chain Mail Armor
37:34 Imperial Age
35:15 Town Watch
ABCDE
11:49 Feudal Age
15:39 Castle Age
13:48 Horse Collar
14:29 Double-Bit Axe
16:18 Wheelbarrow
16:44 Heavy Plow
16:56 Bow Saw
25:05 Stone Mining
25:11 Loom
25:11 Town Watch
30:07 Imperial Age
28:10 Hand Cart
28:45 Forging
28:41 Scale Barding Armor
29:58 Stone Shaft Mining
29:14 Gold Mining
30:58 Iron Casting
30:44 Chain Barding Armor
30:45 Masonry
31:11 Conscription
31:08 Bloodlines
30:59 Husbandry
32:47 Blast Furnace
32:22 Plate Barding Armor
33:16 Two-Man Saw
32:07 Elite Jarl
34:48 Plate Barding Armor
34:03 Fletching
34:43 Vendel Legacy
35:28 Bodkin Arrow
35:33 Padded Archer Armor
李天尊
10:14 Feudal Age
11:19 Double-Bit Axe
14:01 Castle Age
12:42 Horse Collar
16:12 Bow Saw
17:08 Wheelbarrow
17:56 Loom
22:04 Town Watch
22:50 Gold Mining
26:55 Hand Cart
27:15 Forging
28:48 Iron Casting
28:53 Arson
29:10 Squires
32:49 Imperial Age
30:40 Scale Mail Armor
30:43 Gambesons
32:46 Hamask
35:23 Blast Furnace
34:38 Chain Mail Armor
36:15 Conscription
35:46 Elite Jomsviking
King Nothing
10:04 Feudal Age
14:06 Castle Age
12:14 Double-Bit Axe
13:06 Horse Collar
16:59 Heavy Plow
17:55 Gold Mining
20:07 Bow Saw
20:38 Loom
24:35 Scale Barding Armor
26:12 Gold Shaft Mining
27:07 Chain Barding Armor
30:54 Imperial Age
32:41 Chemistry
32:24 Plate Barding Armor
32:31 Wheelbarrow
33:10 Husbandry
33:20 Bloodlines
34:54 Light Cavalry
36:22 Crop Rotation
36:16 Forging
36:21 Hussar
37:39 Iron Casting
37:31 Hand Cart
JAEGARN
10:30 Feudal Age
12:01 Double-Bit Axe
14:25 Castle Age
12:28 Double-Bit Axe
12:50 Horse Collar
15:20 Bow Saw
20:30 Wheelbarrow
20:49 Heavy Plow
20:51 Loom
21:11 Gold Mining
21:12 Stone Mining
28:03 Imperial Age
25:21 Town Watch
25:55 Hand Cart
25:28 Loom
26:43 Scale Mail Armor
26:53 Forging
27:47 Gold Shaft Mining
28:18 Chain Mail Armor
27:53 Pikeman
29:10 Iron Casting
28:06 Capped Ram
29:44 Conscription
29:57 Fletching
30:29 Ballistics
31:10 Chemistry
31:17 Plate Mail Armor
31:47 Blast Furnace
30:17 Heavy Scorpion
32:56 Stone Shaft Mining
32:48 Bodkin Arrow
34:15 Furor Celtica
34:27 Conscription
33:46 Siege Ram
35:24 Town Patrol
36:27 Padded Archer Armor
35:48 Halberdier
43:41 Elite Woad Raider
暴风星云裂
11:09 Feudal Age
12:01 Double-Bit Axe
14:51 Castle Age
12:42 Horse Collar
16:03 Bow Saw
18:26 Scale Mail Armor
20:29 Chain Mail Armor
21:50 Wheelbarrow
24:59 Hand Cart
24:52 Loom
26:33 Town Watch
29:55 Gold Mining
31:18 Gold Shaft Mining
34:12 Imperial Age
32:28 Forging
34:30 Iron Casting
34:16 Squires
34:01 Arson
34:23 Elite Varangian Guard
35:24 Conscription
35:35 Plate Mail Armor
34:44 Capped Ram
35:50 Siege Ram
35:56 Siege Ram
38:59 Shield Wall
40:54 Gambesons
42:29 Two-Man Saw
41:30 Heavy Plow
哈撒韦
10:52 Feudal Age
14:25 Castle Age
12:59 Double-Bit Axe
12:55 Horse Collar
16:06 Bow Saw
21:47 Wheelbarrow
22:16 Gold Mining
23:50 Heavy Plow
27:58 Imperial Age
25:55 Fletching
25:50 Loom
26:32 Hand Cart
26:41 Padded Archer Armor
26:46 Bodkin Arrow
27:25 Bloodlines
27:16 Husbandry
28:07 Leather Archer Armor
28:34 Gold Shaft Mining
28:44 Bracer
30:06 Chemistry
29:47 Conscription
29:32 Stone Mining
30:09 Ballistics
29:29 Cranequins
30:08 Heavy Mounted Crossbowman
32:59 Coinage
33:11 Stone Shaft Mining
32:22 Town Watch
35:26 Crop Rotation
36:14 Banking
36:01 Siege Engineers
xrw
10:33 Feudal Age
11:24 Loom
14:36 Castle Age
12:48 Double-Bit Axe
13:32 Horse Collar
20:51 Bow Saw
21:40 Heavy Plow
23:06 Padded Archer Armor
24:46 Leather Archer Armor
28:23 Imperial Age
26:08 Gold Mining
26:24 Fletching
28:08 Gold Shaft Mining
36:00 Wheelbarrow
36:44 Conscription
37:50 Ring Archer Armor
40:33 Elite Janissary
43:41 Stone Mining
Connection lost

Rejoining the realm…

Still unreachable

The connection could not be restored.

Session expired

The server has moved on; the page needs a fresh start.